details: 'tier 2 push'

« prev index next »

General information

Mini Map

Players

team 1
Random» HumanTIMG4STRok (pink | 141 APM | 1592 actions | 11:16)
Hero icon 3 Archmage
Ability icon 2 Summon Water Elemental
Ability icon 1 Brilliance Aura
Hero icon 1 Firelord
Ability icon 1 Summon Lava Spawn

» actions
Assign group hotkey25
Basic commands48
Build / train47
ESC pressed6
Enter build submenu23
Enter hero's abilities submenu4
Give item / drop item1
Right click801
Select / deselect191
Select group hotkey378
Use ability68
1592 total
» units
Peasant16
Footman7
Sorceress4
Priest1
28 total
» upgrades
Defend1
Sorceress Training1
2 total
» buildings
Altar of Kings1
Barracks1
Farm9
Scout Tower8
Arcane Vault1
Arcane Tower2
Keep2
Lumber Mill1
Arcane Sanctum2
Guard Tower1
28 total
» build order
00:07 Altar of Kings
00:11 Barracks
00:16 Farm
00:45 Farm
01:47 Farm
02:17 Farm
03:45 Farm
03:53 Scout Tower
04:02 Arcane Vault
04:27 Arcane Tower
04:27 Arcane Tower
05:21 Keep
05:21 Keep
06:21 Farm
06:24 Farm
06:28 Lumber Mill
08:03 Arcane Sanctum
08:04 Arcane Sanctum
08:26 Farm
08:42 Farm
10:38 Scout Tower
10:38 Scout Tower
10:40 Scout Tower
10:41 Scout Tower
10:42 Scout Tower
10:44 Scout Tower
10:44 Scout Tower
11:12 Guard Tower
» items
Scroll of Regeneration2
Lesser Clarity Potion2
Potion of Healing1
5 total
team 2
Random» OrcEWtm.Fabio_ziN (red | 99 APM | 1111 actions | 11:15)
Hero icon 2 Far Seer
Ability icon 1 Feral Spirit
Ability icon 1 Chain Lighting
Hero icon 1 Tauren Chieftain
Ability icon 1 Shockwave

» actions
Assign group hotkey16
Basic commands6
Build / train31
Enter build submenu14
Enter hero's abilities submenu3
Right click437
Select / deselect176
Select group hotkey383
Use ability45
1111 total
» units
Peon10
Grunt5
Wind Rider3
18 total
» upgrades
Ranged Weapons1
1 total
» buildings
Altar of Storms1
Orc Burrow5
Barracks1
Voodoo Lounge1
Stronghold1
War Mill1
Beastiary3
13 total
» build order
00:18 Altar of Storms
00:24 Orc Burrow
00:34 Barracks
01:38 Orc Burrow
02:09 Voodoo Lounge
03:49 Stronghold
04:25 Orc Burrow
04:31 War Mill
06:41 Beastiary
06:50 Beastiary
08:12 Beastiary
08:55 Orc Burrow
09:20 Orc Burrow
» items
Healing Salve4
Lesser Clarity Potion1
Scroll of Speed1
6 total